 Dungeon Crawl Stone Soup version 0.27-a0-1191-g601b473118 (webtiles) character file.

Game seed: 4663374175381331575

5825 HoaS the Grappler (level 10, -1/78 HPs)
             Began as a Troll Hunter on May 24, 2021.
             Was a High Priest of Okawaru.
             Slain by an Executioner (22 damage)
             ... on level 1 of the Abyss.
             The game lasted 00:16:22 (6404 turns).

HoaS the Grappler (Troll Hunter)                    Turns: 6404, Time: 00:16:23

Health: -1/78      AC: 16    Str: 18    XL:     10   Next: 51%
Magic:  10/12      EV: 10    Int:  7    God:    Okawaru [*****.]
Gold:   416        SH:  0    Dex: 13    Spells: 9/9 levels left

rFire    + + .     SeeInvis .     - Unarmed
rCold    . . .     Faith    .   (no shield)
rNeg     + . .     Spirit   .   q - +2 fire dragon scales
rPois    .         Reflect  .   (helmet restricted)
rElec    .         Harm     .   f - +0 cloak
rCorr    .         Rampage  .   (gloves unavailable)
Will     .....                  (boots unavailable)
Stlth    +.........             (no amulet)
HPRegen  1.23/turn              n - ring of protection from cold
MPRegen  0.13/turn              j - ring of positive energy

@: heroic
A: large, unfitting armour, claws 3, regeneration 1, shaggy fur 1, tough skin 1,
[frail 2], [weak 2]
a: Renounce Religion, Heroism, Finesse


You were on level 1 of the Abyss.
You worshipped Okawaru.
Okawaru was extremely pleased with you.
You visited 1 branch of the dungeon, and saw 9 of its levels.
You visited the Abyss 1 time.

You collected 416 gold pieces.

Inventory:

Missiles
 c - 10 large rocks
 d - 4 throwing nets (quivered)
 k - 5 silver javelins
 r - 27 poisoned darts
 s - a boomerang
 t - 5 curare-tipped darts
Armour
 f - a +0 cloak (worn)
 q - +2 fire dragon scales (worn)
Jewellery
 j - a ring of positive energy (right claw)
 n - a ring of protection from cold (left claw)
Wands
 h - a wand of flame (31)
 i - a wand of polymorph (8)
Scrolls
 w - a scroll of teleportation
 y - a scroll of fear
Potions
 a - 2 potions of heal wounds
 b - a potion of resistance {unknown}
 e - a potion of berserk rage {unknown}
 g - 3 potions of mutation
 l - a potion of attraction {unknown}
 m - 2 potions of haste
 o - a potion of flight {unknown}
 p - 2 potions of cancellation
 u - a potion of might {unknown}
 v - a potion of curing {unknown}
 x - a potion of ambrosia {unknown}


   Skills:
 * Level 5.6(10.6) Fighting
 + Level 5.4(10.4) Throwing
 + Level 2.6(7.6) Armour
 + Level 4.0(9.0) Dodging
 - Level 0.3(5.3) Stealth
 * Level 10.9(15.9) Unarmed Combat
 + Level 5.1 Invocations


You had 9 spell levels left.
You didn't know any spells.
Your spell library contained the following spells:

 Spells                   Type           Power      Damage    Failure   Level
 Magic Dart               Conj           0%         1d3       85%         1
 Poisonous Vapours        Pois/Air       0%         N/A       94%         2
 Searing Ray              Conj           0%         3d3       94%         2
 Conjure Flame            Conj/Fire      0%         6-21      99%         3
 Dazzling Flash           Conj/Hex       0%         N/A       99%         3
 Mephitic Cloud           Conj/Pois/Air  0%         N/A       99%         3
 Fulminant Prism          Conj/Hex       0%         3d6       100%        4
 Iskenderun's Mystic Bla  Conj/Tloc      0%         2d3       100%        4
 Freezing Cloud           Conj/Ice/Air   0%         6-21      100%        6


Dungeon Overview and Level Annotations

Branches:
Dungeon (8/15)             Temple (0/1) D:6
   Lair: D:8-11

Altars:
Elyvilon
Gozag
Makhleb
Okawaru
Qazlal
Vehumet

Shops:
D:1 !   D:8 *


Innate Abilities, Weirdness & Mutations

You are too large for most types of armour.
You have claws for hands.
Your natural rate of healing is unusually fast.
You are covered in fur. (AC +1)
You have tough skin. (AC +1)
[You are very frail. (-20% HP)]
[You are very weak. (Str -4)]


Message History

The wretched star glows turbulently.
The lance of force misses you.
You claw the wretched star!
The wretched star is severely damaged.
You claw the wretched star!
The wretched star is almost destroyed.
The wretched star pulses with an eldritch light!
You feel weaker. x2
You claw the wretched star!
You destroy the wretched star!
Okawaru is honoured by your kill.
Your life force feels restored.
Your Dodging skill increases to level 4!
y - a scroll of fear You now have 416 gold pieces (gained 20).
An Executioner comes into view.
The Executioner gives a hideous shriek!
A small abomination comes into view.
Found 10 gold pieces.
You closely miss the Executioner.
The Executioner gestures.
The Executioner seems to speed up.
The Executioner hits you but does no damage. x2
The Executioner barely misses you.
You barely miss the Executioner. The Executioner hits you!
The Executioner hits you.
The Executioner hits you but does no damage.
The Executioner hits you! The Executioner hits you. x2
You mangle the Executioner!!
The Executioner is moderately wounded.
The Executioner hits you! The Executioner hits you. x3
The Executioner hits you but does no damage.
The Executioner completely misses you.
You are too injured to fight recklessly!
You gain the combat prowess of a mighty hero.
The Executioner hits you but does no damage.
The Executioner barely misses you.
The Executioner hits you but does no damage. x4
The Executioner hits you!!
You die...

### $≈ ###
#x #.#
.##.##1##.#
≈..≈..≈@..#
.##.##.##.#
#. ## .≈
##. #+


You could see an Executioner (fast) and a small abomination.

Vanquished Creatures
  A two-headed ogre (D:5)
  A wretched star (Abyss:1)
  Pikel (D:5)
  A centaur zombie (D:6)
  Joseph (D:7)
  Grinder (D:4)
  Prince Ribbit (D:5)
  A yak (D:5)
  Duvessa (D:7)
  A water moccasin (D:7)
  An ice beast (D:7)
  An orc warrior (D:6)
  A sky beast (D:7)
  3 necrophages
  2 ogres
  4 centaurs
  A phantom (D:5)
  A bullfrog (D:7)
  A gnoll sergeant (D:7)
  A wyvern zombie (D:5)
  3 scorpions
  Dowan (D:7)
  2 water moccasin skeletons
  4 wights (D:8)
  4 howler monkeys
  A bullfrog zombie (D:6)
  A quasit (Abyss:1)
  4 hounds
  2 orc priests
  2 jellies
  A bullfrog skeleton (D:5)
  Ijyb (D:4)
  2 iguanas
  5 orc wizards
  A killer bee zombie (D:7)
  A hound zombie (D:5)
  11 gnolls
  6 adders
  A shadow imp (D:7)
  2 white imps (D:7)
  An ufetubus (D:5)
  An adder zombie (D:5)
  A dart slug (D:2)
  23 orcs
  8 ball pythons
  5 endoplasms
  3 giant cockroaches
  8 goblins
  7 hobgoblins
  4 quokkas
  2 bats (D:1)
  4 frilled lizards
  8 kobolds
  5 rats
161 creatures vanquished.

Notes
Turn   | Place    | Note
-------+----------+-------------------------------------------
     0 | D:1      | HoaS the Troll Hunter began the quest for the Orb.
     0 | D:1      | Reached XP level 1. HP: 19/19 MP: 0/0
    56 | D:1      | Reached skill level 1 in Unarmed Combat
   107 | D:1      | Reached XP level 2. HP: 27/27 MP: 1/1
   118 | D:1      | Found Kicov's Distillery.
   151 | D:1      | Reached skill level 2 in Unarmed Combat
   572 | D:2      | Reached XP level 3. HP: 31/33 MP: 2/2
   600 | D:2      | Found a faded altar of an unknown god.
   734 | D:2      | Reached skill level 3 in Unarmed Combat
  1401 | D:3      | Reached skill level 4 in Unarmed Combat
  1401 | D:3      | Reached XP level 4. HP: 13/41 MP: 3/3
  1497 | D:3      | Found a white marble altar of Elyvilon.
  1837 | D:4      | Noticed a scorpion
  1842 | D:4      | Found a stormy altar of Qazlal.
  1843 | D:4      | Found an iron altar of Okawaru.
  1843 | D:4      | Found a burning altar of Makhleb.
  1852 | D:4      | Killed a scorpion
  1853 | D:4      | Reached skill level 5 in Unarmed Combat
  1853 | D:4      | Reached XP level 5. HP: 46/48 MP: 4/4
  1875 | D:4      | Became a worshipper of Warmaster Okawaru
  1888 | D:4      | Found an opulent altar of Gozag.
  1891 | D:4      | Found a radiant altar of Vehumet.
  1918 | D:4      | Noticed a necrophage
  1925 | D:4      | Killed a necrophage
  1926 | D:4      | Reached skill level 6 in Unarmed Combat
  1926 | D:4      | Reached skill level 1 in Invocations
  1926 | D:4      | Reached XP level 6. HP: 52/55 MP: 5/5
  2065 | D:4      | Noticed Grinder
  2096 | D:4      | Killed Grinder
  2097 | D:4      | Reached XP level 7. HP: 52/62 MP: 5/7
  2133 | D:4      | Reached skill level 7 in Unarmed Combat
  2146 | D:4      | Noticed Ijyb
  2155 | D:4      | Killed Ijyb
  2155 | D:4      | Reached * piety under Okawaru
  3025 | D:5      | Entered Level 5 of the Dungeon
  3053 | D:5      | Reached skill level 8 in Unarmed Combat
  3067 | D:5      | Found a large runed translucent door.
  3067 | D:5      | Found a large runed translucent door.
  3071 | D:5      | Found a large runed translucent door.
  3071 | D:5      | Found a large runed translucent door.
  3127 | D:5      | Reached XP level 8. HP: 60/70 MP: 9/9
  3323 | D:5      | Noticed Pikel
  3357 | D:5      | Killed Pikel
  3357 | D:5      | Reached ** piety under Okawaru
  3358 | D:5      | Reached skill level 9 in Unarmed Combat
  3406 | D:5      | Identified the +5 quarterstaff of Cetig {speed, rF+ Int+3}
  3727 | D:5      | Reached XP level 9. HP: 63/83 MP: 10/10
  3839 | D:5      | Noticed Prince Ribbit
  3847 | D:5      | Killed Prince Ribbit
  3847 | D:5      | Reached *** piety under Okawaru
  3867 | D:5      | Noticed a two-headed ogre
  3872 | D:5      | Killed a two-headed ogre
  3872 | D:5      | Received a gift from Okawaru
  3873 | D:5      | Reached skill level 1 in Armour
  3873 | D:5      | Reached skill level 10 in Unarmed Combat
  4346 | D:6      | Found a staircase to the Ecumenical Temple.
  4578 | D:6      | Reached **** piety under Okawaru
  4579 | D:6      | Reached skill level 5 in Throwing
  4856 | D:6      | Reached XP level 10. HP: 78/94 MP: 12/12
  5316 | D:7      | Reached skill level 5 in Fighting
  5669 | D:7      | Noticed Duvessa
  5670 | D:7      | Noticed Dowan
  5677 | D:7      | Killed Duvessa
  5685 | D:7      | Killed Dowan
  5861 | D:7      | Noticed Joseph
  5878 | D:7      | Killed Joseph
  6318 | D:8      | Found Paxeb's Lightly-Used Armoury.
  6333 | D:8      | Reached ***** piety under Okawaru
  6334 | D:8      | You fall into a shaft and drop 2 floors!
  6334 | D:10     | Entered Level 10 of the Dungeon
  6384 | D:10     | Cast into level 1 of the Abyss (orc warrior)
  6385 | Abyss:1  | Noticed a wretched star
  6386 | Abyss:1  | Reached skill level 5 in Invocations
  6392 | Abyss:1  | Killed a wretched star
  6400 | Abyss:1  | Noticed an Executioner
  6404 | Abyss:1  | Slain by an Executioner

Illustrated notes

Levels and vault maps discovered:
D:1:      shiori_arrival_maze, layout_basic, serial_shops, shop
D:2:      layout_basic, ebering_ecumenical_altar_box
D:3:      layout_rooms, elyvilon_altar_5
D:4:      layout_loops_corners, minmay_overflow_temple_star_hex, uniq_ijyb,
          uniq_grinder
D:5:      layout_basic, minmay_hollow_rounded_squares, uniq_pikel,
          uniq_prince_ribbit1
D:6:      layout_gridville, minmay_temple_entry_sparse_star
D:7:      layout_layer_cave, uniq_duvessa, uniq_joseph
D:8:      layout_loops_cross, minmay_shop_damaged,
          chequers_serial_rivers_room_a, minmay_three_doors
D:10:     layout_loops_corners, david_orc_2, uniq_sonja, uniq_josephine,
          uniq_nergalle
Abyss:1:  base: D:2, hangedman_cross_veins

Skill      XL: |  1  2  3  4  5  6  7  8  9 10 |
---------------+-------------------------------+-----
Unarmed Combat | 1 2 4 5 6 8 9 10 | 10.9
Invocations    | 1 2 3 4 5 |  5.1
Fighting       | 3 4 5 |  5.6
Throwing       | 4 5 |  5.4
Dodging        | 2 3 4 |  4.0
Armour         | 1 2 |  2.6
Stealth        | |  0.3

Action                   |  1- 3 |  4- 6 |  7- 9 | 10-12 || total
-------------------------+-------+-------+-------+-------++-------
Melee: Unarmed           |    94 |    87 |   181 |   119 ||   481
       Punch             |     2 |     3 |    11 |     4 ||    20
Throw: Boomerang         |       |       |       |     8 ||     8
       Large rock        |       |       |       |     4 ||     4
Invok: Heroism           |       |       |     2 |     1 ||     3
  Use: Scroll            |     4 |     3 |     5 |     2 ||    14
       Potion            |     1 |       |       |     1 ||     2
 Stab: Sleeping          |     2 |       |     2 |     1 ||     5
Armor: Robe              |    33 |    15 |    25 |       ||    73
       Fire dragon scale |       |       |    35 |    50 ||    85
Dodge: Dodged            |    45 |    34 |    79 |    51 ||   209

Table legend: (Time is in decaauts)
 A = Elapsed time spent in this place.
 B = Non-inter-level travel time spent in this place.
 C = Inter-level travel time spent in this place.
 D = Time resting spent in this place.
 E = Time spent auto-exploring this place.
 F = Levels seen in this place.
 G = Mean time per level.
                   A        B        C        D        E       F      G
               +--------+--------+--------+--------+--------+-----+--------+
         Total |   6336 |   5829 |    507 |    210 |   4538 |  10 |  633.6 |
       Dungeon |   6319 |   5812 |    507 |    210 |   4537 |   9 |  702.1 |
         Abyss |     17 |     17 |      0 |      0 |      1 |   1 |   17.0 |
               +--------+--------+--------+--------+--------+-----+--------+

Top non-repeatable levels by time:
     D:4: 1337 daAuts
     D:7: 1140 daAuts
     D:5: 1037 daAuts
     D:6: 867 daAuts
     D:2: 764 daAuts
     D:3: 572 daAuts
     D:1: 517 daAuts
    D:10: 46 daAuts
     D:8: 35 daAuts
 Abyss:1: 17 daAuts
